MLB
MIAMI MARLINS @ WASHINGTON NATIONALS
07/04/2045
 
TOP OF THE 1ST
Miami Marlins batting - Pitching for Washington Nationals : LHP Dale Ahernfeld
Pitching: LHP Dale Ahernfeld
Batting: RHB Roger Salazar 0-0: Ball
1-0: Foul Ball, location: 2F
1-1: Ball
2-1: Ground out 4-3 (Groundball, 4, EV 108.1 MPH)
Batting: RHB Justin Huff 0-0: Foul Ball, location: 2F
0-1: Ball
1-1: Ball
2-1: Swinging Strike
2-2: Ball
3-2: SINGLE (Groundball, 56D, EV 110.6 MPH)
Batting: LHB Andre Gorter 0-0: Ball
1-0: Foul Ball, location: 2F
1-1: Grounds into double play, 4-6-3 (Groundball, 34, EV 105.6 MPH)
Top of the 1st over - 0 runs, 1 hit, 0 errors, 0 left on base; Miami 0 - Washington 0
BOTTOM OF THE 1ST
Washington Nationals batting - Pitching for Miami Marlins : LHP Matt Payne
Pitching: LHP Matt Payne
Batting: RHB C.J. Beavers 0-0: Swinging Strike
0-1: Called Strike
0-2: Ball
1-2: Strikes out swinging
Batting: LHB R.J. O'Brien 0-0: SINGLE (Groundball, 34D, EV 112.5 MPH)
Batting: SHB Junzo Kato 0-0: Swinging Strike
0-1: Fly out, F9 (Flyball, 9S, EV 95.0 MPH)
Batting: RHB John Sanders 0-0: Ball
1-0: Called Strike
R.J. O'Brien steals 2nd base (no throw)
1-1: 2-RUN HOME RUN (Flyball, 8LXD, EV 115.6 MPH), Distance : 429 ft
Batting: RHB Dan Fallon 0-0: Ball
1-0: Ball
2-0: Called Strike
2-1: Fly out, F8 (Flyball, 8LD, EV 84.4 MPH)
Bottom of the 1st over - 2 runs, 2 hits, 0 errors, 0 left on base; Miami 0 - Washington 2
TOP OF THE 2ND
Miami Marlins batting - Pitching for Washington Nationals : LHP Dale Ahernfeld
Batting: RHB Bert Clark 0-0: Ball
1-0: Ground out 6-3 (Groundball, 6, EV 100.0 MPH)
Batting: RHB Steve Barnard 0-0: Called Strike
0-1: Swinging Strike
0-2: Ball
1-2: Strikes out swinging
Batting: RHB Greg Herzig 0-0: Called Strike
0-1: Ball
1-1: Foul Ball, location: 2F
1-2: Ball
2-2: Ball
3-2: Base on Balls
Batting: LHB Chris Locklear 0-0: Swinging Strike
0-1: Ball
1-1: Foul Ball, location: 2F
1-2: Strikes out swinging
Top of the 2nd over - 0 runs, 0 hits, 0 errors, 1 left on base; Miami 0 - Washington 2
BOTTOM OF THE 2ND
Washington Nationals batting - Pitching for Miami Marlins : LHP Matt Payne
Batting: LHB Armando Carbajal 0-0: Called Strike
0-1: Ball
1-1: Ball
2-1: Ball
3-1: Base on Balls
Batting: LHB Sidney Pedder 0-0: Ball
1-0: Ball
2-0: Called Strike
2-1: Foul Ball, location: 2F
2-2: Strikes out swinging
Batting: RHB Masashi Yukizawa 0-0: Foul Ball, location: 2F
0-1: Ball
1-1: Grounds into double play, 5-4-3 (Groundball, 5, EV 88.1 MPH)
Bottom of the 2nd over - 0 runs, 0 hits, 0 errors, 0 left on base; Miami 0 - Washington 2
TOP OF THE 3RD
Miami Marlins batting - Pitching for Washington Nationals : LHP Dale Ahernfeld
Batting: LHB Eric Bailey 0-0: Called Strike
0-1: Ball
1-1: Ball
2-1: SINGLE (Line Drive, 5D, EV 106.2 MPH)
Batting: LHB Kyle Beaulieu 0-0: Ball
1-0: Foul Ball, location: 2F
1-1: Ball
2-1: Swinging Strike
2-2: Ball
3-2: TRIPLE (Flyball, 89XD, EV 106.9 MPH)
Eric Bailey scores
Batting: RHB Roger Salazar 0-0: Called Strike
0-1: Ground out 6-3 (Groundball, 6, EV 110.6 MPH)
Kyle Beaulieu scores
Batting: RHB Justin Huff 0-0: Ground out 5-3 (Groundball, 56S, EV 76.9 MPH)
Batting: LHB Andre Gorter 0-0: Ball
1-0: Called Strike
1-1: Ball
2-1: Ball
3-1: Ground out U3 (Groundball, 3, EV 86.2 MPH)
Top of the 3rd over - 2 runs, 2 hits, 0 errors, 0 left on base; Miami 2 - Washington 2
BOTTOM OF THE 3RD
Washington Nationals batting - Pitching for Miami Marlins : LHP Matt Payne
Batting: LHB Seth Cook 0-0: Ball
1-0: Ball
2-0: SINGLE (Groundball, 34D, EV 104.4 MPH)
Batting: RHB C.J. Beavers 0-0: Ball
1-0: Ball
2-0: Ball
3-0: Called Strike
3-1: 2-RUN HOME RUN (Flyball, 7D, EV 93.8 MPH), Distance : 377 ft
Batting: LHB R.J. O'Brien 0-0: Ball
1-0: Swinging Strike
1-1: Ball
2-1: Swinging Strike
2-2: Ball
3-2: Foul Ball, location: 2F
3-2: SINGLE (Groundball, 56D, EV 104.4 MPH)
Batting: SHB Junzo Kato 0-0: Foul Ball, location: 2F
0-1: Ball
1-1: Ball
2-1: Ball
3-1: Swinging Strike
3-2: Base on Balls
R.J. O'Brien to second
Batting: RHB John Sanders 0-0: Ball
1-0: Foul Ball, location: 2F
1-1: 3-RUN HOME RUN (Line Drive, 7LD, EV 97.5 MPH), Distance : 372 ft
Pitching: RHP Ray Duncan
Batting: RHB Dan Fallon 0-0: Called Strike
0-1: Ball
1-1: Ball
2-1: SINGLE (Flyball, 56D, EV 84.4 MPH)
Batting: LHB Armando Carbajal 0-0: Ball
1-0: Foul Ball, location: 2F
1-1: Ball
2-1: Fly out, F8 (Flyball, 78D, EV 107.5 MPH)
Batting: LHB Sidney Pedder 0-0: SINGLE (Groundball, 34S, EV 66.2 MPH) (infield hit)
Dan Fallon to second
Batting: RHB Masashi Yukizawa 0-0: Ball
1-0: Swinging Strike
1-1: SINGLE (Line Drive, 8LS, EV 88.1 MPH)
Dan Fallon to third
Sidney Pedder to second
Runner from 3rd tries for Home, SAFE, throw by CF to home
Batting: LHB Seth Cook 0-0: Ball
1-0: Ball
2-0: Called Strike
2-1: Foul Ball, location: 2F
2-2: Foul Ball, location: 2F
2-2: Ball
3-2: Base on Balls
Sidney Pedder to third
Masashi Yukizawa to second
Batting: RHB C.J. Beavers 0-0: Ball
1-0: Fly out, F8 (Flyball, 8RD, EV 76.9 MPH)
Batting: LHB R.J. O'Brien 0-0: Ball
1-0: Ball
2-0: Foul Ball, location: 2F
2-1: Ball
3-1: Called Strike
3-2: SINGLE (Line Drive, 78M, EV 108.8 MPH)
Sidney Pedder scores
Masashi Yukizawa to third
Seth Cook to second
Masashi Yukizawa scores
Seth Cook to third
Batting: SHB Junzo Kato 0-0: Ball
1-0: Ball
2-0: Ball
3-0: Called Strike
3-1: Foul Ball, location: 2F
3-2: Fly out, F9 (Flyball, 89S, EV 88.1 MPH)
Bottom of the 3rd over - 8 runs, 8 hits, 0 errors, 2 left on base; Miami 2 - Washington 10
TOP OF THE 4TH
Miami Marlins batting - Pitching for Washington Nationals : LHP Dale Ahernfeld
Batting: RHB Bert Clark 0-0: Ball
1-0: Ball
2-0: Called Strike
2-1: Ball
3-1: Called Strike
3-2: DOUBLE (Flyball, 89XD, EV 100.6 MPH)
Batting: RHB Steve Barnard 0-0: Called Strike
0-1: Ground out 5-3 (Groundball, 56, EV 96.9 MPH)
Batting: RHB Greg Herzig 0-0: Ball
1-0: SINGLE (Line Drive, 8LS, EV 100.6 MPH)
Bert Clark to third
Runner from 3rd tries for Home, throw by CF and OUT! 8-2
Greg Herzig to second
Batting: LHB Chris Locklear 0-0: Ball
1-0: Ball
2-0: Foul Ball, location: 2F
2-1: Foul Ball, location: 2F
2-2: Ball
3-2: Foul Ball, location: 2F
3-2: Foul Ball, location: 2F
3-2: Foul Ball, location: 2F
3-2: Ground out U3 (Groundball, 34, EV 100.6 MPH)
Top of the 4th over - 0 runs, 2 hits, 0 errors, 1 left on base; Miami 2 - Washington 10
BOTTOM OF THE 4TH
Washington Nationals batting - Pitching for Miami Marlins : RHP Ray Duncan
Batting: RHB John Sanders 0-0: Swinging Strike
0-1: Swinging Strike
0-2: Ground out 4-3 (Groundball, 4, EV 101.2 MPH)
Batting: RHB Dan Fallon 0-0: Ball
1-0: Foul Ball, location: 2F
1-1: Ball
2-1: Ball
3-1: SINGLE (Flyball, 8LS, EV 89.4 MPH)
Batting: LHB Armando Carbajal 0-0: Ball
1-0: Swinging Strike
1-1: Swinging Strike
1-2: Ball
2-2: Foul Ball, location: 2F
2-2: Foul Ball, location: 2F
2-2: Ball
3-2: Base on Balls
Dan Fallon to second
Batting: LHB Sidney Pedder 0-0: Ball
1-0: Ball
2-0: Ball
3-0: Called Strike
3-1: Base on Balls
Dan Fallon to third
Armando Carbajal to second
Batting: RHB Masashi Yukizawa 0-0: SINGLE (Line Drive, 78S, EV 96.2 MPH)
Dan Fallon scores
Armando Carbajal to third
Sidney Pedder to second
Runner from 3rd tries for Home, SAFE, throw by LF to home
Pitching: RHP Travis Small
Batting: LHB Seth Cook 0-0: Called Strike
0-1: SINGLE (Line Drive, 9S, EV 87.5 MPH)
Sidney Pedder to third
Masashi Yukizawa to second
Runner from 3rd tries for Home, SAFE, throw by RF to home
Batting: RHB C.J. Beavers 0-0: Foul Ball, location: 2F
0-1: Fly out, F8 (Flyball, 8LD, EV 86.2 MPH)
Batting: LHB R.J. O'Brien 0-0: Called Strike
0-1: SINGLE (Flyball, 3D, EV 89.4 MPH)
Masashi Yukizawa to third
Seth Cook to second
Runner from 3rd tries for Home, SAFE, throw by RF to home
Batting: SHB Junzo Kato 0-0: Ground out 4-3 (Groundball, 34D, EV 84.4 MPH)
Bottom of the 4th over - 4 runs, 4 hits, 0 errors, 2 left on base; Miami 2 - Washington 14
TOP OF THE 5TH
Miami Marlins batting - Pitching for Washington Nationals : LHP Dale Ahernfeld
Batting: LHB Eric Bailey 0-0: Called Strike
0-1: Foul Ball, location: 2F
0-2: Foul Ball, location: 2F
0-2: Strikes out looking
Batting: LHB Kyle Beaulieu 0-0: Ball
1-0: Ball
2-0: Foul Ball, location: 2F
2-1: Ball
3-1: Base on Balls
Batting: RHB Roger Salazar 0-0: Ball
1-0: Called Strike
1-1: Foul Ball, location: 2F
1-2: Ball
2-2: Foul Ball, location: 2F
2-2: Foul Ball, location: 2F
2-2: Foul Ball, location: 2F
2-2: Ball
3-2: Fly out, F9 (Line Drive, 9, EV 88.1 MPH)
Batting: RHB Justin Huff 0-0: Fly out, F7 (Flyball, 78D, EV 105.6 MPH)
Top of the 5th over - 0 runs, 0 hits, 0 errors, 1 left on base; Miami 2 - Washington 14
BOTTOM OF THE 5TH
Washington Nationals batting - Pitching for Miami Marlins : RHP Travis Small
Batting: RHB John Sanders 0-0: Foul Ball, location: 2F
0-1: Foul Ball, location: 2F
0-2: Fly out, F9 (Flyball, 9LS, EV 90.6 MPH)
Batting: RHB Dan Fallon 0-0: Ball
1-0: Swinging Strike
1-1: Called Strike
1-2: Ball
2-2: Ball
3-2: Strikes out swinging
Batting: LHB Armando Carbajal 0-0: Ball
1-0: Ground out 4-3 (Groundball, 4M, EV 86.9 MPH)
Bottom of the 5th over - 0 runs, 0 hits, 0 errors, 0 left on base; Miami 2 - Washington 14
TOP OF THE 6TH
Miami Marlins batting - Pitching for Washington Nationals : LHP Dale Ahernfeld
Batting: LHB Andre Gorter 0-0: Ball
1-0: Foul Ball, location: 2F
1-1: Called Strike
1-2: Ball
2-2: Fly out, F7 (Flyball, 78M, EV 88.8 MPH)
Batting: RHB Bert Clark 0-0: Foul Ball, location: 2F
0-1: Foul Ball, location: 2F
0-2: SINGLE (Flyball, 8RM, EV 93.8 MPH)
Batting: RHB Steve Barnard 0-0: Ball
1-0: Called Strike
1-1: Ball
2-1: Ball
3-1: Foul Ball, location: 2F
3-2: Strikes out swinging
Bert Clark steals 2nd base (no throw)
Batter strikes out.
Batting: RHB Greg Herzig 0-0: Called Strike
0-1: Ball
1-1: Called Strike
1-2: Strikes out swinging
Top of the 6th over - 0 runs, 1 hit, 0 errors, 1 left on base; Miami 2 - Washington 14
BOTTOM OF THE 6TH
Washington Nationals batting - Pitching for Miami Marlins : RHP Travis Small
Batting: LHB Sidney Pedder 0-0: Ball
1-0: Ball
2-0: Called Strike
2-1: Called Strike
2-2: Ball
3-2: Foul Ball, location: 2F
3-2: Fly out, F3 (Popup, 34S, EV 81.9 MPH)
Batting: RHB Masashi Yukizawa 0-0: Called Strike
0-1: DOUBLE (Flyball, 78XD, EV 105.6 MPH)
Batting: LHB Seth Cook 0-0: Called Strike
0-1: Ball
1-1: Ball
2-1: DOUBLE (Flyball, 8RXD, EV 102.5 MPH)
Masashi Yukizawa scores
Batting: RHB C.J. Beavers 0-0: Called Strike
0-1: Ball
1-1: Ball
2-1: Ball
3-1: Called Strike
3-2: Base on Balls
Pitching: RHP Mike Powell
Batting: LHB R.J. O'Brien 0-0: Foul Ball, location: 2F
0-1: Swinging Strike
0-2: Ball
1-2: Ball
2-2: Strikes out swinging
Batting: SHB Junzo Kato 0-0: Swinging Strike
0-1: Ball
1-1: Foul Ball, location: 2F
1-2: Ball
2-2: Foul Ball, location: 2F
2-2: Fielders Choice at 2nd, U6 (Groundball, 6M, EV 106.9 MPH)
Bottom of the 6th over - 1 run, 2 hits, 0 errors, 2 left on base; Miami 2 - Washington 15
TOP OF THE 7TH
Miami Marlins batting - Pitching for Washington Nationals : LHP Dale Ahernfeld
Pitching: RHP Kyle Bradley
Batting: LHB Chris Locklear 0-0: Called Strike
0-1: Swinging Strike
0-2: Strikes out swinging
Batting: LHB Eric Bailey 0-0: Called Strike
0-1: Called Strike
0-2: Ball
1-2: SINGLE (Groundball, 34D, EV 96.9 MPH)
Pinch Hitting: SHB Ramon Martinez 0-0: Ball
1-0: Ball
Eric Bailey steals 2nd base (no throw)
2-0: Ball
3-0: DOUBLE (Line Drive, 89D, EV 98.1 MPH)
Eric Bailey scores
Batting: RHB Roger Salazar 0-0: SINGLE (Groundball, 34D, EV 98.1 MPH)
Ramon Martinez to third
Runner from 3rd tries for Home, SAFE, throw by RF to home
Batting: RHB Justin Huff 0-0: Called Strike
0-1: Called Strike
Roger Salazar steals 2nd base (no throw)
0-2: Ball
1-2: Foul Ball, location: 2F
1-2: Strikes out swinging
Batting: LHB Andre Gorter 0-0: Called Strike
0-1: Swinging Strike
0-2: Strikes out swinging
Top of the 7th over - 2 runs, 3 hits, 0 errors, 1 left on base; Miami 4 - Washington 15
BOTTOM OF THE 7TH
Washington Nationals batting - Pitching for Miami Marlins : RHP Mike Powell
Now at 2B: Ramon Martinez
Batting: RHB John Sanders 0-0: SOLO HOME RUN (Flyball, 7D, EV 98.8 MPH), Distance : 366 ft
Batting: RHB Dan Fallon 0-0: Ball
1-0: Swinging Strike
1-1: Swinging Strike
1-2: Ball
2-2: Strikes out swinging
Batting: LHB Armando Carbajal 0-0: Ball
1-0: Foul Ball, location: 2F
1-1: SOLO HOME RUN (Flyball, 7LD, EV 95.6 MPH), Distance : 362 ft
Pinch Hitting: RHB Jared Speck 0-0: Ball
1-0: Ball
2-0: Ball
3-0: Called Strike
3-1: Fly out, F7 (Flyball, 7D, EV 95.6 MPH)
Batting: RHB Masashi Yukizawa 0-0: Swinging Strike
0-1: Ball
1-1: Swinging Strike
1-2: Ball
2-2: Ground out 4-3 (Groundball, 4S, EV 68.8 MPH)
Bottom of the 7th over - 2 runs, 2 hits, 0 errors, 0 left on base; Miami 4 - Washington 17
TOP OF THE 8TH
Miami Marlins batting - Pitching for Washington Nationals : RHP Kyle Bradley
Now in LF: Jared Speck
Now in CF: R.J. O'Brien
Batting: RHB Bert Clark 0-0: Foul Ball, location: 2F
0-1: Foul Ball, location: 2F
0-2: Fly out, F9 (Flyball, 9LM, EV 92.5 MPH)
Batting: RHB Steve Barnard 0-0: Swinging Strike
0-1: Ball
1-1: Foul Ball, location: 2F
1-2: Ball
2-2: Foul Ball, location: 2F
2-2: Strikes out swinging
Batting: RHB Greg Herzig 0-0: Ball
1-0: Ball
2-0: Foul Ball, location: 2F
2-1: Foul Ball, location: 2F
2-2: Ground out 4-3 (Groundball, 4, EV 93.8 MPH)
Top of the 8th over - 0 runs, 0 hits, 0 errors, 0 left on base; Miami 4 - Washington 17
BOTTOM OF THE 8TH
Washington Nationals batting - Pitching for Miami Marlins : RHP Mike Powell
Pinch Hitting: SHB Alex Ethridge 0-0: Ball
1-0: Swinging Strike
1-1: Foul Ball, location: 2F
1-2: Foul Ball, location: 2F
1-2: Foul Ball, location: 2F
1-2: Ball
2-2: SINGLE (Flyball, 56D, EV 93.1 MPH)
Batting: RHB C.J. Beavers 0-0: Called Strike
0-1: Called Strike
0-2: Ball
1-2: Fielders Choice at 2nd, 1-4 (Groundball, P, EV 74.4 MPH)
Pinch Hitting: RHB Luis Ramos 0-0: Called Strike
0-1: Ball
1-1: Foul Ball, location: 2F
1-2: Ball
2-2: Fielders Choice at 2nd, 6-4 (Groundball, 6, EV 80.6 MPH)
Batting: SHB Junzo Kato 0-0: Ball
1-0: Ball
2-0: Called Strike
2-1: Foul Ball, location: 2F
2-2: Fly out, F8 (Flyball, 89XD, EV 84.4 MPH)
Bottom of the 8th over - 0 runs, 1 hit, 0 errors, 1 left on base; Miami 4 - Washington 17
TOP OF THE 9TH
Miami Marlins batting - Pitching for Washington Nationals : RHP Kyle Bradley
Now at 1B: Alex Ethridge
Now in CF: Luis Ramos
Batting: LHB Chris Locklear 0-0: Ball
1-0: Ball
2-0: Called Strike
2-1: Ball
3-1: Called Strike
3-2: Ground out 4-3 (Groundball, 4, EV 85.0 MPH)
Batting: LHB Eric Bailey 0-0: Ball
1-0: Called Strike
1-1: Ball
2-1: Ball
3-1: Called Strike
3-2: DOUBLE (Line Drive, 78M, EV 109.4 MPH)
Pitching: LHP Jesus Gallegos
Batting: SHB Ramon Martinez 0-0: Called Strike
0-1: Ball
1-1: Called Strike
1-2: Strikes out swinging
Pinch Hitting: RHB Seth Tramontano 0-0: Called Strike
0-1: Ball
1-1: Called Strike
1-2: Ground out 5-3 (Groundball, 5L, EV 83.8 MPH)
Top of the 9th over - 0 runs, 1 hit, 0 errors, 1 left on base; Miami 4 - Washington 17
Wednesday, June 22nd , 2022 - OOTP Baseball 23.4 Build 64